SAAA
BALTIMORE BLACK SOX @ VERMONT LAKE MONSTERS
06/30/2032
 
TOP OF THE 1ST
Baltimore Black Sox batting - Pitching for Vermont Lake Monsters : RHP Gerry Fleck
Pitching: RHP Gerry Fleck
Batting: RHB Raúl Cicerón 0-0: Fly out, F8 (Flyball, 8LM)
Batting: RHB Carlos González 0-0: Ball
1-0: Called Strike
1-1: Ball
2-1: Foul Ball, location: 2F
2-2: Fly out, F8 (Flyball, 8RM)
Batting: LHB Naohiro Sakai 0-0: Called Strike
0-1: Called Strike
0-2: Strikes out looking
Top of the 1st over - 0 runs, 0 hits, 0 errors, 0 left on base; Baltimore 0 - Vermont 0
BOTTOM OF THE 1ST
Vermont Lake Monsters batting - Pitching for Baltimore Black Sox : LHP Kanakanui Lokomaikainani
Pitching: LHP Kanakanui Lokomaikainani
Batting: SHB Robert La Caze 0-0: SINGLE (Line Drive, 7LS)
Batting: RHB Ramón Degollado 0-0: Called Strike
0-1: Ball
1-1: SINGLE (Line Drive, 4D)
Robert La Caze to second
Runner from 2nd tries for 3rd, OUT!
Batting: LHB Manuel Núñez 0-0: SINGLE (Groundball, 34D)
Ramón Degollado to second
Runner from 2nd tries for 3rd, SAFE, no throw
Batting: RHB Kasper Schuilenberg 0-0: Ball
1-0: Foul Ball, location: 2F
1-1: Called Strike
1-2: Ball
2-2: Ball
3-2: Foul Ball, location: 2F
3-2: SINGLE (Groundball, 34D)
Ramón Degollado scores
Manuel Núñez to second
Manuel Núñez to third
Batting: LHB Carlos Germán 0-0: SINGLE (Line Drive, 34)
Manuel Núñez scores
Kasper Schuilenberg to second
Runner from 2nd tries for 3rd, SAFE, throw made to third
Batting: RHB José Vázquez 0-0: Called Strike
0-1: Called Strike
0-2: Strikes out swinging
Batting: RHB Gabe Cain 0-0: Ball
1-0: Called Strike
1-1: Foul Ball, location: 2F
1-2: Fly out, F9 (Flyball, 9S)
Bottom of the 1st over - 2 runs, 5 hits, 0 errors, 2 left on base; Baltimore 0 - Vermont 2
TOP OF THE 2ND
Baltimore Black Sox batting - Pitching for Vermont Lake Monsters : RHP Gerry Fleck
Batting: RHB Ramón Rodríguez 0-0: Called Strike
0-1: Ball
1-1: Foul Ball, location: 2F
1-2: DOUBLE (Flyball, 8LD)
Batting: RHB Howard Lee 0-0: Ball
1-0: Swinging Strike
1-1: Called Strike
1-2: Ball
2-2: Strikes out swinging
Batting: RHB Berihun Tukufu 0-0: Called Strike
0-1: Ground out 4-3 (Groundball, 34)
Ramón Rodríguez to third
Batting: RHB Lee Storment 0-0: Ball
1-0: Ground out 4-3 (Groundball, 4)
Top of the 2nd over - 0 runs, 1 hit, 0 errors, 1 left on base; Baltimore 0 - Vermont 2
BOTTOM OF THE 2ND
Vermont Lake Monsters batting - Pitching for Baltimore Black Sox : LHP Kanakanui Lokomaikainani
Batting: RHB Woodrow Terrebonne 0-0: Ball
1-0: Ground out 1-3 (Groundball, 15)
Batting: RHB Cosmo Castanhedo 0-0: Called Strike
0-1: Swinging Strike
0-2: Strikes out swinging
Batting: SHB Robert La Caze 0-0: Swinging Strike
0-1: Ball
1-1: Foul Ball, location: 2F
1-2: Ball
2-2: Foul Ball, location: 2F
2-2: SINGLE (Line Drive, 8LS)
Batting: RHB Ramón Degollado 0-0: Called Strike
0-1: Fly out, F4 (Popup, 4M)
Bottom of the 2nd over - 0 runs, 1 hit, 0 errors, 1 left on base; Baltimore 0 - Vermont 2
TOP OF THE 3RD
Baltimore Black Sox batting - Pitching for Vermont Lake Monsters : RHP Gerry Fleck
Batting: LHB Natale Langushi 0-0: Ball
1-0: Ball
2-0: Ball
3-0: Base on Balls
Batting: RHB Maik Palen 0-0: Called Strike
0-1: Swinging Strike
0-2: Ball
1-2: Ball
2-2: Strikes out swinging
Batting: RHB Raúl Cicerón 0-0: Ball
1-0: Ball
2-0: Called Strike
2-1: Ball
3-1: Ground out 4-3 (Groundball, 4S)
Natale Langushi to second
Batting: RHB Carlos González 0-0: Ball
1-0: Foul Ball, location: 2F
1-1: Ground out 5-3 (Groundball, 56)
Top of the 3rd over - 0 runs, 0 hits, 0 errors, 1 left on base; Baltimore 0 - Vermont 2
BOTTOM OF THE 3RD
Vermont Lake Monsters batting - Pitching for Baltimore Black Sox : LHP Kanakanui Lokomaikainani
Batting: LHB Manuel Núñez 0-0: Called Strike
0-1: Called Strike
0-2: Ball
1-2: Ball
2-2: Ball
3-2: Foul Ball, location: 2F
3-2: Base on Balls
Batting: RHB Kasper Schuilenberg 0-0: Called Strike
0-1: Grounds into double play, 5-4-3 (Groundball, 56)
Batting: LHB Carlos Germán 0-0: Ball
1-0: Ball
2-0: Ball
3-0: Called Strike
3-1: Foul Ball, location: 2F
3-2: Foul Ball, location: 2F
3-2: Foul Ball, location: 2F
3-2: Base on Balls
Batting: RHB José Vázquez 0-0: Ball
1-0: Ball
2-0: Swinging Strike
2-1: Ground out 5-3 (Groundball, 56S)
Bottom of the 3rd over - 0 runs, 0 hits, 0 errors, 1 left on base; Baltimore 0 - Vermont 2
TOP OF THE 4TH
Baltimore Black Sox batting - Pitching for Vermont Lake Monsters : RHP Gerry Fleck
Batting: LHB Naohiro Sakai 0-0: SINGLE (Flyball, 9S)
Batting: RHB Ramón Rodríguez 0-0: Called Strike
0-1: Ball
1-1: Ball
2-1: Swinging Strike
2-2: SINGLE (Line Drive, 78M)
Naohiro Sakai to second
Batting: RHB Howard Lee 0-0: Called Strike
0-1: Foul Ball, location: 2F
0-2: Foul Ball, location: 2F
0-2: Fly out, F9 (Flyball, 9LMF)
Batting: RHB Berihun Tukufu 0-0: Called Strike
0-1: Ball
1-1: Foul Ball, location: 2F
1-2: DOUBLE (Line Drive, 78D)
Naohiro Sakai scores
Ramón Rodríguez to third
Runner from 3rd tries for Home, SAFE, no throw
Batting: RHB Lee Storment 0-0: Ball
1-0: Swinging Strike
1-1: Ball
2-1: Ground out U3 (Groundball, 34S)
Berihun Tukufu to third
Batting: LHB Natale Langushi 0-0: Called Strike
0-1: Hit by Pitch
Batting: RHB Maik Palen 0-0: Foul Ball, location: 2F
0-1: Swinging Strike
0-2: Ball
1-2: Strikes out swinging
Top of the 4th over - 2 runs, 3 hits, 0 errors, 2 left on base; Baltimore 2 - Vermont 2
BOTTOM OF THE 4TH
Vermont Lake Monsters batting - Pitching for Baltimore Black Sox : LHP Kanakanui Lokomaikainani
Batting: RHB Gabe Cain 0-0: Ball
1-0: Fly out, F6 (Popup, 6M)
Batting: RHB Woodrow Terrebonne 0-0: Ground out 6-3 (Groundball, 6)
Batting: RHB Cosmo Castanhedo 0-0: Ball
1-0: Called Strike
1-1: Foul Ball, location: 2F
1-2: Ball
2-2: SINGLE (Groundball, 56D)
Batting: SHB Robert La Caze 0-0: Called Strike
0-1: Ball
1-1: Ground out 4-3 (Groundball, 34)
Bottom of the 4th over - 0 runs, 1 hit, 0 errors, 1 left on base; Baltimore 2 - Vermont 2
TOP OF THE 5TH
Baltimore Black Sox batting - Pitching for Vermont Lake Monsters : RHP Gerry Fleck
Batting: RHB Raúl Cicerón 0-0: Ground out 6-3 (Groundball, 6)
Batting: RHB Carlos González 0-0: Foul Ball, location: 2F
0-1: Ball
1-1: Swinging Strike
1-2: Ball
2-2: Ball
3-2: Foul Ball, location: 2F
3-2: Fly out, F5 (Popup, 5F)
Batting: LHB Naohiro Sakai 0-0: Called Strike
0-1: Ball
1-1: Ball
2-1: SINGLE (Groundball, 3D)
Batting: RHB Ramón Rodríguez 0-0: Ball
1-0: Ball
2-0: Ball
Wild Pitch!
Naohiro Sakai to second
3-0: Base on Balls
Batting: RHB Howard Lee 0-0: Ball
1-0: Ball
2-0: Fielders Choice at 2nd, 5-4 (Groundball, 56)
Top of the 5th over - 0 runs, 1 hit, 0 errors, 2 left on base; Baltimore 2 - Vermont 2
BOTTOM OF THE 5TH
Vermont Lake Monsters batting - Pitching for Baltimore Black Sox : LHP Kanakanui Lokomaikainani
Batting: RHB Ramón Degollado 0-0: Called Strike
0-1: Fly out, F5 (Line Drive, 5)
Batting: LHB Manuel Núñez 0-0: Ball
1-0: Called Strike
1-1: Foul Ball, location: 2F
1-2: Ball
2-2: Ball
3-2: Ground out U3 (Groundball, 3)
Batting: RHB Kasper Schuilenberg 0-0: Called Strike
0-1: Ball
1-1: Called Strike
1-2: Ball
2-2: SOLO HOME RUN (Flyball, 9LD), Distance : 358 ft
Batting: LHB Carlos Germán 0-0: Ball
1-0: Called Strike
1-1: SINGLE (Flyball, 7LS)
Batting: RHB José Vázquez 0-0: Called Strike
0-1: Swinging Strike
0-2: Ball
Carlos Germán is caught stealing 2nd base
Bottom of the 5th over - 1 run, 2 hits, 0 errors, 0 left on base; Baltimore 2 - Vermont 3
TOP OF THE 6TH
Baltimore Black Sox batting - Pitching for Vermont Lake Monsters : RHP Gerry Fleck
Batting: RHB Berihun Tukufu 0-0: Called Strike
0-1: Ground out 6-3 (Groundball, 6M)
Batting: RHB Lee Storment 0-0: Ball
1-0: Ball
2-0: Ball
3-0: Base on Balls
Batting: LHB Natale Langushi 0-0: Foul Ball, location: 2F
0-1: Ball
1-1: Ball
2-1: Ball
3-1: Foul Ball, location: 2F
3-2: Fly out, F9 (Flyball, 89S)
Batting: RHB Maik Palen 0-0: Called Strike
0-1: Fielders Choice at 2nd, 6-4 (Groundball, 6)
Top of the 6th over - 0 runs, 0 hits, 0 errors, 1 left on base; Baltimore 2 - Vermont 3
BOTTOM OF THE 6TH
Vermont Lake Monsters batting - Pitching for Baltimore Black Sox : LHP Kanakanui Lokomaikainani
Batting: RHB José Vázquez 0-0: Ball
1-0: Called Strike
1-1: Fly out, F3 (Line Drive, 34)
Batting: RHB Gabe Cain 0-0: Ball
1-0: Foul Ball, location: 2F
1-1: Foul Ball, location: 2F
1-2: Ground out 6-3 (Groundball, 6)
Batting: RHB Woodrow Terrebonne 0-0: Fly out, F8 (Flyball, 8RD)
Bottom of the 6th over - 0 runs, 0 hits, 0 errors, 0 left on base; Baltimore 2 - Vermont 3
TOP OF THE 7TH
Baltimore Black Sox batting - Pitching for Vermont Lake Monsters : RHP Gerry Fleck
Batting: RHB Raúl Cicerón 0-0: Ball
1-0: Ball
2-0: Ball
3-0: Base on Balls
Batting: RHB Carlos González 0-0: Bunt missed!
0-1: Bunted foul
0-2: Ball
1-2: Foul Ball, location: 2F
1-2: Foul Ball, location: 2F
1-2: Foul Ball, location: 2F
1-2: Foul Ball, location: 2F
1-2: Ball
2-2: Ball
3-2: Base on Balls
Raúl Cicerón to second
Batting: LHB Naohiro Sakai 0-0: Swinging Strike
0-1: Fly out, F3 (Popup, 3F)
Batting: RHB Ramón Rodríguez 0-0: Ball
1-0: 3-RUN HOME RUN (Flyball, 8RXD), Distance : 442 ft
Batting: RHB Howard Lee 0-0: Ball
1-0: Ball
2-0: Ball
3-0: Swinging Strike
3-1: Called Strike
3-2: Foul Ball, location: 2F
3-2: Ground out 5-3 (Groundball, 56S)
Batting: RHB Berihun Tukufu 0-0: Ball
1-0: Called Strike
1-1: Called Strike
1-2: Ball
2-2: Ball
3-2: Foul Ball, location: 2F
3-2: Strikes out swinging
Top of the 7th over - 3 runs, 1 hit, 0 errors, 0 left on base; Baltimore 5 - Vermont 3
BOTTOM OF THE 7TH
Vermont Lake Monsters batting - Pitching for Baltimore Black Sox : LHP Kanakanui Lokomaikainani
Batting: RHB Cosmo Castanhedo 0-0: Ball
1-0: Called Strike
1-1: Foul Ball, location: 2F
1-2: Foul Ball, location: 2F
1-2: Fly out, F9 (Flyball, 9S)
Batting: SHB Robert La Caze 0-0: Called Strike
0-1: Called Strike
0-2: Ball
1-2: Ball
2-2: Foul Ball, location: 2F
2-2: Ball
3-2: Base on Balls
Batting: RHB Ramón Degollado 0-0: Called Strike
0-1: Called Strike
0-2: Ball
1-2: Ball
2-2: Foul Ball, location: 2F
2-2: Ball
3-2: Foul Ball, location: 2F
3-2: Foul Ball, location: 2F
3-2: DOUBLE (Line Drive, 78D)
Robert La Caze to third
Runner from 3rd tries for Home, SAFE, no throw
Pitching: LHP Kris Ross
Batting: LHB Manuel Núñez 0-0: Called Strike
0-1: Ball
1-1: Foul Ball, location: 2F
1-2: Strikes out swinging
Batting: RHB Kasper Schuilenberg 0-0: Ball
1-0: Called Strike
1-1: Called Strike
1-2: Foul Ball, location: 2F
1-2: Ball
2-2: Strikes out swinging
Bottom of the 7th over - 1 run, 1 hit, 0 errors, 1 left on base; Baltimore 5 - Vermont 4
TOP OF THE 8TH
Baltimore Black Sox batting - Pitching for Vermont Lake Monsters : RHP Gerry Fleck
Pitching: RHP Jefferson Suhendro
Batting: RHB Lee Storment 0-0: Ball
1-0: Ball
2-0: Swinging Strike
2-1: Called Strike
2-2: Ball
3-2: Foul Ball, location: 2F
3-2: Strikes out swinging
Batting: LHB Natale Langushi 0-0: Called Strike
0-1: Ball
1-1: Ball
2-1: Ball
3-1: Base on Balls
Pinch Runner at 1st Tomás Valenzuela:
Batting: RHB Maik Palen 0-0: SINGLE (Flyball, 9LS)
Tomás Valenzuela to second
Runner from 2nd tries for 3rd, SAFE, no throw
Batting: RHB Raúl Cicerón 0-0: Ball
1-0: Foul Ball, location: 2F
1-1: Ball
2-1: TRIPLE (Line Drive, 8RXD)
Tomás Valenzuela scores
Maik Palen scores
Pitching: RHP Dominic Parker
Batting: RHB Carlos González 0-0: DOUBLE (Flyball, 5D)
Raúl Cicerón scores
Batting: LHB Naohiro Sakai 0-0: Foul Ball, location: 2F
0-1: Ball
1-1: Fly out, F9 (Flyball, 9)
Batting: RHB Ramón Rodríguez 0-0: Called Strike
0-1: Ball
1-1: Fly out, F3 (Popup, 3F)
Top of the 8th over - 3 runs, 3 hits, 0 errors, 1 left on base; Baltimore 8 - Vermont 4
BOTTOM OF THE 8TH
Vermont Lake Monsters batting - Pitching for Baltimore Black Sox : LHP Kris Ross
Batting: LHB Carlos Germán 0-0: Called Strike
0-1: Foul Ball, location: 2F
0-2: Ball
1-2: Fly out, F8 (Flyball, 8LM)
Batting: RHB José Vázquez 0-0: Ball
1-0: Swinging Strike
1-1: Ball
2-1: Ball
3-1: Base on Balls
Batting: RHB Gabe Cain 0-0: Called Strike
0-1: Swinging Strike
0-2: 2-RUN HOME RUN (Flyball, 7LD), Distance : 358 ft
Pitching: RHP Bruce Wright
Batting: RHB Woodrow Terrebonne 0-0: Ball
1-0: Fly out, F7 (Flyball, 7)
Batting: RHB Cosmo Castanhedo 0-0: Swinging Strike
0-1: Ball
1-1: Ball
2-1: Foul Ball, location: 2F
2-2: Fly out, F9 (Flyball, 89D)
Bottom of the 8th over - 2 runs, 1 hit, 0 errors, 0 left on base; Baltimore 8 - Vermont 6
TOP OF THE 9TH
Baltimore Black Sox batting - Pitching for Vermont Lake Monsters : RHP Dominic Parker
Pitching: RHP Jamel Rhoads
Batting: RHB Howard Lee 0-0: Ball
1-0: Ball
2-0: Called Strike
2-1: Called Strike
2-2: Ball
3-2: Strikes out looking
Batting: RHB Berihun Tukufu 0-0: Ball
1-0: Called Strike
1-1: Fly out, F7 (Flyball, 7LSF)
Batting: RHB Lee Storment 0-0: Called Strike
0-1: Called Strike
0-2: Ground out 6-3 (Groundball, 6)
Top of the 9th over - 0 runs, 0 hits, 0 errors, 0 left on base; Baltimore 8 - Vermont 6
BOTTOM OF THE 9TH
Vermont Lake Monsters batting - Pitching for Baltimore Black Sox : RHP Bruce Wright
Pitching: RHP Shuntavyious Primes-Willes
Batting: SHB Robert La Caze 0-0: Called Strike
0-1: Called Strike
0-2: Ball
1-2: Foul Ball, location: 2F
1-2: SINGLE (Line Drive, 56S)
Batting: RHB Ramón Degollado 0-0: Ball
1-0: Called Strike
1-1: SINGLE (Groundball, 56D)
Robert La Caze to second
Batting: LHB Manuel Núñez 0-0: Called Strike
0-1: Foul Ball, location: 2F
0-2: Ball
1-2: Foul Ball, location: 2F
1-2: Ball
2-2: Ball
3-2: Strikes out swinging
Batting: RHB Kasper Schuilenberg 0-0: Ball
1-0: Foul Ball, location: 2F
1-1: Ball
2-1: Called Strike
2-2: Grounds into double play, 4-6-3 (Groundball, 4)
Bottom of the 9th over - 0 runs, 2 hits, 0 errors, 1 left on base; Baltimore 8 - Vermont 6
Wednesday, September 19th, 2018 - OOTP Baseball 18.8 Build 76